Map: Alcyone LE

Players

SpeCial

  • Race: Terran Terran
  • League: Grandmaster
  • Spawn Location: 7:00

A.I. 1 (Very Easy) - Winner!

  • Race: Terran Terran
  • Spawn Location: 1:00

VOD

Have the link to the VOD?

Description

Time

  • Played on: Aug. 7, 2025, 5:55 p.m.
  • Length: 8:40
Show
View Real Time Build Order
Export as new Build Order

SpeCial Terran 

Build Orders: Cyclone Opening, Mech 

Get SALT Encoding   

  12  0:00  SCV  
  13  0:12  SCV  
  14  0:17  Supply Depot  
  14  0:24  SCV  
  15  0:39  SCV  
  15  0:40  Barracks  
  16  0:42  Refinery  
  16  0:51  SCV  
  16  0:52  Refinery  
  17  1:03  SCV  
  18  1:15  SCV  
  19  1:27  Reaper, Orbital Command  
  20  1:34  Supply Depot  
  20  1:41  Factory  
  20  1:53  SCV  
  21  1:59  Reaper  
  22  2:05  SCV  
  23  2:16  Command Center  
  23  2:18  SCV  
  24  2:25  Hellion  
  26  2:30  SCV  
  26  2:33  Barracks Tech Lab  
  27  2:38  Starport  
  27  2:43  Supply Depot  
  27  2:44  SCV  
  28  2:59  Cyclone  
  28  3:01  Barracks Tech Lab  
  28  3:04  SCV  
  32  3:17  SCV  
  33  3:21  Refinery  
  33  3:25  Banshee  
  36  3:29  Orbital Command, SCV  
  37  3:37  Cyclone  
  40  3:41  SCV  
  41  3:53  SCV  
  42  3:56  SCV  
  42  3:57  Command Center  
  42  4:01  Mag-Field Accelerator  
  43  4:06  SCV  
  43  4:08  SCV  
  45  4:12  Cyclone  
  48  4:19  Banshee  
  48  4:21  SCV x2  
  53  4:26  Supply Depot  
  53  4:28  Cloaking Field  
  53  4:33  Refinery  
  53  4:37  SCV  
  54  4:47  SCV  
  54  4:48  Cyclone  
  54  4:49  Supply Depot, SCV  
  59  4:59  SCV  
  60  5:01  SCV  
  61  5:08  Banshee, Barracks Tech Lab, Factory  
  61  5:11  SCV  
  61  5:12  Supply Depot  
  61  5:13  SCV  
  66  5:16  Orbital Command  
  66  5:23  SCV  
  66  5:25  SCV  
  66  5:26  Cyclone, Hyperflight Rotors  
  71  5:37  Supply Depot  
  71  5:38  Orbital Command  
  71  5:39  SCV x2  
  71  5:40  Barracks Reactor, Factory  
  73  5:51  SCV x2  
  73  5:54  Banshee  
  78  5:58  Supply Depot  
  78  5:59  Supply Depot  
  78  6:00  Cyclone  
  78  6:03  SCV  
  82  6:04  SCV  
  82  6:05  SCV  
  82  6:08  Cyclone  
  87  6:15  SCV  
  87  6:16  SCV  
  87  6:17  SCV  
  90  6:21  Supply Depot  
  90  6:22  Supply Depot  
  90  6:27  Refinery, SCV  
  90  6:29  SCV  
  90  6:30  Refinery  
  90  6:32  Hellion x2  
  96  6:36  Banshee  
  96  6:38  SCV  
  96  6:39  SCV  
  101  6:40  Supply Depot  
  101  6:41  SCV  
  101  6:42  Siege Tank  
  101  6:44  Siege Tank  
  108  6:52  Supply Depot  
  108  6:53  Armory  
  108  6:54  SCV x2  
  110  6:56  SCV  
  111  7:04  Hellion  
  111  7:05  Hellion  
  115  7:08  Factory x2  
  115  7:14  SCV x2  
  115  7:15  SCV  
  118  7:23  Siege Tank x2  
  118  7:26  Hellion  
  118  7:29  SCV x3  
  129  7:34  Supply Depot, Hellion  
  129  7:36  Supply Depot  
  131  7:38  Engineering Bay  
  131  7:41  SCV  
  132  7:47  Hellion  
  132  7:50  SCV x2  
  136  7:56  Hellion  
  136  7:57  Command Center  
  138  8:00  Factory Reactor  
  138  8:06  Siege Tank x2  
  138  8:07  Siege Tank  
  138  8:09  Hellion  
  149  8:16  Factory  
  149  8:17  Hellion, Sensor Tower  
  149  8:18  Factory  
  151  8:21  Missile Turret  
  151  8:24  Missile Turret  
  151  8:33  Starport Reactor  
  153  8:37  Supply Depot  
Show
View Real Time Build Order
Export as new Build Order

A.I. 1 (Very Easy) Terran - Winner!

Build Orders:  

Get SALT Encoding   

  12  0:00  SCV  
  13  0:13  SCV  
  14  0:19  Supply Depot  
  14  0:37  Refinery  
  14  0:43  Barracks  
  14  1:02  Supply Depot  
  14  1:12  Refinery  
  14  1:29  Marine  
  14  1:30  Orbital Command  
  15  1:48  Barracks Tech Lab  
  15  1:56  SCV  
  16  2:08  SCV  
  17  2:12  Marine  
  18  2:20  SCV  
  19  2:32  SCV  
  20  2:44  SCV  
  21  2:54  Marauder  
  21  2:56  SCV  
  23  4:17  SCV  
  24  5:13  SCV  
  24  5:28  SCV  
  24  6:26  Marine, SCV  
  24  6:29  Supply Depot  
  24  6:31  Factory  
  26  6:33  Command Center  
  26  6:38  SCV  
  22  6:50  SCV  
  22  6:53  Supply Depot  
  23  6:58  Marine  
  24  7:02  SCV  
  25  7:14  SCV  
  26  7:16  Starport  
  26  7:31  Marine  
  27  7:46  SCV  
  28  7:54  SCV  
  28  7:56  Starport Tech Lab, Refinery  
  27  8:00  Refinery  
  27  8:01  SCV  
  27  8:03  Marine  
  28  8:08  SCV  
  29  8:15  SCV  
  32  8:22  SCV  
Tags
 
Composition
Mech
Matchup
TvT
Player
SpeCial
Race
Terran
Spawn Locations
Cross Positions
Add a new tag
Caveats
  • Supply blocks, unpowered buildings, or Contaminate may cause inaccurate times.
  • Supply counts are checked every 10 seconds.